 Dungeon Crawl Stone Soup version 0.21-a0-426-g98080a9 (webtiles) character file.

131 tof the Chopper (level 4, -9/41 HPs)
             Began as a Minotaur Monk on Nov 5, 2017.
             Killed from afar by a white imp (10 damage)
             ... with a puff of frost
             ... summoned by Natasha
             ... on level 2 of the Dungeon.
             The game lasted 00:03:00 (1529 turns).

tof the Chopper (Minotaur Monk)                     Turns: 1529, Time: 00:03:02

Health: -9/41      AC:  5    Str: 16    XL:     4   Next: 91%
Magic:  3/3        EV: 12    Int:  7    God:
Gold:   97         SH:  0    Dex: 13    Spells: 3/3 levels left

rFire    . . .     SeeInvis .   a - +0 hand axe
rCold    . . .     Gourm    .   (no shield)
rNeg     . . .     Faith    .   p - +0 ring mail (curse)
rPois    .         Spirit   .   (helmet restricted)
rElec    .         Reflect  .   (no cloak)
rCorr    .         Harm     .   (no gloves)
MR       .....                  (no boots)
Stlth    +.........             (no amulet)
HPRegen  0.13/turn              (no ring)
MPRegen  0.08/turn              (no ring)

@: no status effects
A: retaliatory headbutt, horns 2
a: no special abilities


You were on level 2 of the Dungeon.
You were not hungry.

You visited 1 branch of the dungeon, and saw 2 of its levels.

You collected 97 gold pieces.

Inventory:

Hand Weapons
 a - a +0 hand axe (weapon)
Armour
 b - a +0 robe
 p - a cursed +0 ring mail (worn)
Scrolls
 d - a scroll of blinking {unknown}
 e - 2 scrolls of remove curse {unknown}
 g - a scroll of fog {unknown}
 k - a scroll of enchant armour {unknown}
 l - 5 scrolls of identify {unknown}
 m - a scroll of noise {unknown}
 n - 2 scrolls of teleportation {unknown}
 o - a scroll of magic mapping {unknown}
Potions
 h - a potion of magic {unknown}
 i - a potion of haste {unknown}
 q - 2 potions of mutation {unknown}
 r - a potion of brilliance {unknown}
Comestibles
 c - 2 bread rations
 f - 2 meat rations
 j - 2 chunks of flesh


   Skills:
 + Level 4.4 Fighting
 * Level 5.1 Axes
 + Level 2.3 Armour
 + Level 4.0 Dodging
 - Level 1.5 Stealth


You had 3 spell levels left.
You didn't know any spells.

Dungeon Overview and Level Annotations

Branches:
Dungeon (2/15)

Altars:

Annotations:
D:2 Natasha


Innate Abilities, Weirdness & Mutations

You reflexively headbutt those who attack you in melee.
You have a pair of horns on your head.


Message History

Natasha closely misses you. The adder barely misses you.
You closely miss Natasha.
Natasha is lightly wounded.
You hit the adder. You barely miss the white imp. The adder misses you.
Natasha completely misses you. The white imp closely misses you.
You hit Natasha but do no damage.
Natasha is lightly wounded.
You hit the adder. You barely miss the white imp. The adder barely misses you.
Natasha claws you.
* * * LOW HITPOINT WARNING * * *
The white imp gestures at you. The puff of frost misses you.
The puff of frost hits the adder.
The adder dies!
You hit Natasha. You headbutt Natasha.
Natasha is heavily wounded.
You barely miss the white imp. Natasha claws you.
* * * LOW HITPOINT WARNING * * *
The white imp gestures at you. The puff of frost hits you!
You die...

#..## ......# #...#
......# #.#.##
.$....# #.#..#
......# #####
#.##.##......# #....
#.##..#......# #....
####'###.#......#
#.... # #......#.†#
#....
########......##@#
#....
..............##5h.#
#.(..
.######.###'#####..#
##(#. .# #.# #.# ..#
#.## .# ... ..# .>#
#.# .# ##.##### #.#
#.# ## #.# .# #.#
#.# .# #.# #.# #.#


You could see Natasha and a white imp.

Vanquished Creatures
  Natasha (D:2)
  3 adders (D:2)
  4 worms (D:2)
  2 leopard geckos
  2 bats (D:1)
  3 giant cockroaches
  5 goblins
  4 hobgoblins (D:2)
  12 jackals (D:1)
  7 frilled lizards
  7 kobolds
  10 rats
60 creatures vanquished.

Vanquished Creatures (others)
  An adder (D:2)
1 creature vanquished.

Grand Total: 61 creatures vanquished

Notes
Turn   | Place    | Note
-------+----------+-------------------------------------------
     0 | D:1      | tof the Minotaur Monk began the quest for the Orb.
     0 | D:1      | Reached XP level 1. HP: 19/19 MP: 0/0
   128 | D:1      | Reached XP level 2. HP: 14/27 MP: 1/1
   133 | D:1      | Reached skill level 4 in Axes
   357 | D:1      | Reached skill level 1 in Armour
   564 | D:1      | Reached XP level 3. HP: 33/33 MP: 2/2
   922 | D:2      | Noticed Natasha
   928 | D:2      | Killed Natasha
   933 | D:2      | Reached XP level 4. HP: 38/40 MP: 3/3
  1417 | D:2      | Reached skill level 5 in Axes
  1518 | D:2      | Noticed Natasha
  1528 | D:2      | HP: 2/41 [Natasha (3)]
  1529 | D:2      | Killed from afar by a white imp

Vault maps used:
D:1:      scummos_arrival_simple_crosswalls, palyth_stone_intersect
D:2:      uniq_natasha

Skill      XL: |  1  2  3  4 |
---------------+-------------+-----
Axes           | 4 5 |  5.1
Armour         | 1 2 |  2.3
Fighting       | 4 |  4.4
Dodging        | 4 |  4.0
Stealth        | |  1.5

Action                   |  1- 3 |  4- 6 || total
-------------------------+-------+-------++-------
Melee: Hand axe          |    81 |    72 ||   153
       Headbutt          |    13 |    15 ||    28
  Eat: Chunk             |       |     2 ||     2
Armor: Robe              |     3 |       ||     3
       Scale mail        |    33 |     9 ||    42
       Ring mail         |       |     5 ||     5
Dodge: Dodged            |    69 |    40 ||   109

Table legend:
 A = Spawn XP
 B = Non-spawn XP
 C = Spawn XP percentage of total XP
 D = Spawn monster count
 E = Non-spawn monster count
 F = Spawn count percentage of total count
 G = Total turns spent on level
                    A         B        C        D         E        F      G
               +---------+---------+-------+---------+---------+-------+---------
         Total |       0 |     188 |   0.0 |       0 |      61 |   0.0 |  1529
               +---------+---------+-------+---------+---------+-------+---------
           D:1 |       0 |      60 |   0.0 |       0 |      36 |   0.0 |   922
           D:2 |       0 |     128 |   0.0 |       0 |      25 |   0.0 |   607
               +---------+---------+-------+---------+---------+-------+---------
